AoeStats
← Ken

Arena

510089864Analyzed
4v4 RM · 3d ago on Sep 29, 2026· 13m 39s· 8 players
Game mode
Random Map
Map size
Large (8 player)
Population
200
Speed
Normal
Resources
Standard
Victory
Conquest
Starting age
Dark Age
Ending age
Imperial Age
RankedLock teamsTeams togetherTeam positionsShared explorationLock speedFull tech treeHidden civsTurbo modeCheats
Victory
Defeat
🇦🇺 Britons · Australia
983
+17
🇨🇳 Franks · China
978
+17
🇫🇷 Burmese · France
963
+18
🇹🇼 Varangians · Taiwan
938
+19
🇨🇳 Persians · China
1032
-19
🇪🇸 Khmer · Spain
1022
-18
🇲🇦 Bohemians · Morocco
1000
-18
962
-16
Ken
12:34 Feudal Age
13:21 Double-Bit Axe
16:19 Castle Age
Donald
森永
9:09 Loom
11:46 Feudal Age
13:05 Double-Bit Axe
.wailord
0:33 Loom
12:41 Feudal Age
13:11 Double-Bit Axe
13:07 Horse Collar
13:29 Gold Mining
14:17 Wheelbarrow
metalkannon
9:40 Feudal Age
10:08 Double-Bit Axe
11:26 Wheelbarrow
11:54 Horse Collar
KingTeOTep
2:16 Loom
10:16 Feudal Age
11:58 Double-Bit Axe
12:03 Horse Collar
Ana Nzinga of Mbande Ndogo
怒头堵紧
10:27 Feudal Age
15:12 Castle Age
Connection lost

Rejoining the realm…

Still unreachable

The connection could not be restored.

Session expired

The server has moved on; the page needs a fresh start.